 Dungeon Crawl Stone Soup version 0.21.1-1-g345015f (webtiles) character file.

49 kae the Insei (level 3, -3/26 HPs)
             Began as a Demonspawn Transmuter on June 11, 2018.
             Slain by Crazy Yiuf
             ... wielding a +4 quarterstaff of chaos
              (11 damage)
             ... on level 2 of the Dungeon.
             The game lasted 00:02:32 (2243 turns).

kae the Insei (Demonspawn Transmuter)               Turns: 2243, Time: 00:02:32

Health: -3/26      AC:  2    Str: 13    XL:     3   Next: 53%
Magic:  5/6        EV: 14    Int: 14    God:
Gold:   104        SH:  0    Dex: 14    Spells: 5/6 levels left

rFire    . . .     SeeInvis .     - Unarmed
rCold    . . .     Gourm    +   (no shield)
rNeg     . . .     Faith    .   b - +0 robe
rPois    .         Spirit   .   (no helmet)
rElec    .         Reflect  .   (no cloak)
rCorr    .         Harm     .   (no gloves)
MR       .....                  (no boots)
Stlth    +.........             m - amulet of the gourmand
HPRegen  0.08/turn              i - +2 ring of evasion
MPRegen  0.10/turn              h - +3 ring of strength

@: no status effects
A: talons 1, mutation resistance 1, powered by death 1
a: no special abilities


You were on level 2 of the Dungeon.
You were near starving.

You visited 1 branch of the dungeon, and saw 2 of its levels.

You collected 104 gold pieces.

Inventory:

Missiles
 a - 82 arrows
Armour
 b - a +0 robe (worn)
Jewellery
 h - a +3 ring of strength (right hand)
 i - a +2 ring of evasion (left hand)
 k - an uncursed ring of fire
 m - an amulet of the gourmand (around neck)
 q - a +3 ring of protection {unknown}
Wands
 r - a wand of scattershot (4)
Scrolls
 g - 4 scrolls of remove curse
 j - 3 scrolls of identify
 p - a scroll of fog {unknown}
Potions
 n - 2 potions of curing
 o - a potion of resistance
 s - a potion of haste {unknown}
Books
 c - a book of Changes

   Spells                             Type                      Level
   a - Beastly Appendage              Transmutation                1
   b - Sticks to Snakes               Transmutation                2
   c - Spider Form                    Transmutation/Poison         3
   d - Ice Form                       Ice/Transmutation            4
   e - Blade Hands                    Transmutation                5
Comestibles
 d - 4 rations


   Skills:
 + Level 1.4 Fighting
 + Level 2.1 Dodging
 * Level 3.2 Unarmed Combat
 + Level 2.3 Spellcasting
 + Level 2.1 Transmutations


You had 5 spell levels left.
You knew the following spells:

 Your Spells              Type           Power        Failure   Level  Hunger
a - Beastly Appendage     Tmut           #.....       10%         1    #......


Dungeon Overview and Level Annotations

Branches:
Dungeon (2/15)

Altars:
Ashenzari

Annotations:
D:2 Crazy Yiuf


Innate Abilities, Weirdness & Mutations

You have sharp toenails.
You regenerate a little health from kills.
You are somewhat resistant to further mutation.


Message History

Crazy Yiuf glowers.
There is an escape hatch in the ceiling here.
Crazy Yiuf laughs, "Whippet!"
There is an escape hatch in the ceiling here.
As you read the scroll labeled KOKYERGH LULOST, it crumbles to dust.
You feel blessed for a moment.
It was a scroll of remove curse.
Crazy Yiuf says, "Whippet!"
Crazy Yiuf hits you with a quarterstaff of chaos.
You feel your power leaking away.
As you read the scroll labeled APORYP LEPTOX, it crumbles to dust.
It is a scroll of identify.
o - a potion of resistance Crazy Yiuf whimpers, "Orb!
Shower tortoise action."
Crazy Yiuf hits you with a quarterstaff of chaos!
Crazy Yiuf burns you.
As you read the scroll labeled GUOGAO SUEMANA, it crumbles to dust.
You hear a loud clanging noise!
It was a scroll of noise.
Crazy Yiuf hits you with a quarterstaff of chaos!
You die...

#.#
#############.....8...
..#
#...........#.........
#.#
#...........#.........
..#
#...........#........#
#.#
#...................#.
..#
#..................#.#
#.#
#.................#.##
..#
#................#.###
###
####.@g.........#.## #
#.###.####..#.## #
#.....####.#.######
####..##...........
#..##.######.###
#........# #.###
########### ##.##.##.#
#.... ..........#
#.##.##.# ####.
####.####.#
#.##.##.######.


You could see Crazy Yiuf.

Vanquished Creatures
  An adder (D:2)
  A dart slug (D:1)
  3 leopard geckos
  5 bats
  6 goblins
  4 hobgoblins
  A quokka (D:2)
  A ball python (D:2)
  3 frilled lizards
  4 kobolds
  4 rats
33 creatures vanquished.

Notes
Turn   | Place    | Note
-------+----------+-------------------------------------------
     0 | D:1      | kae the Demonspawn Transmuter began the quest for the Orb.
     0 | D:1      | Reached XP level 1. HP: 15/15 MP: 3/3
   110 | D:1      | Gained mutation: You regenerate a little health from kills. [demonic ancestry]
   110 | D:1      | Reached XP level 2. HP: 7/21 MP: 5/5
   435 | D:1      | Reached skill level 3 in Unarmed Combat
  1193 | D:2      | Found a runed door.
  1279 | D:2      | Gained mutation: You have sharp toenails. [demonic ancestry]
  1279 | D:2      | Reached XP level 3. HP: 26/26 MP: 4/6
  1412 | D:2      | Found a shattered altar of Ashenzari.
  1934 | D:2      | Noticed Crazy Yiuf
  1949 | D:2      | Gained mutation: You are somewhat resistant to further mutation. [potion of mutation]
  2243 | D:2      | Slain by Crazy Yiuf

Skill      XL: |  1  2 |
---------------+-------+-----
Dodging        | 2 |  2.1
Unarmed Combat | 3 |  3.2
Transmutations | 2 |  2.1
Fighting       | |  1.4
Spellcasting   | |  2.3

Action                   || total
-------------------------++-------
Melee: Unarmed           ||   118
       Kick              ||    11
       Headbutt          ||     3
       Punch             ||     2
 Cast: Beastly Appendage ||    15
  Use: Scroll            ||     4
       Potion            ||     2
 Stab: Sleeping          ||     3
  Eat: Chunk             ||     4
Armor: Robe              ||    15
Dodge: Dodged            ||    87
